 Dungeon Crawl Stone Soup version 0.30-a0-12-gd8047c6341 (webtiles) character file.

Game seed: 3542520366174481875

43 Newt the Trooper (level 3, 0/29 HPs)
             Began as a Demonspawn Gladiator on Aug 23, 2022.
             Slain by a gnoll
             ... wielding a +0 flail of holy wrath
              (6 damage)
             ... on level 1 of the Dungeon.
             The game lasted 00:02:28 (2023 turns).

Newt the Trooper (Demonspawn Gladiator)             Turns: 2023, Time: 00:02:29

Health: 0/29       AC:  5    Str: 16    XL:     3   Next: 37%
Magic:  3/3        EV: 11    Int:  9    God:
Gold:   18         SH:  3    Dex: 14    Spells: 2/2 levels left

rFire   . . .      SeeInvis .    l - +1 dagger (vamp)
rCold   . . .      Faith    .    g - +0 buckler
rNeg    . . .      Spirit   .    b - +0 leather armour
rPois   .          Reflect  .    c - +0 helmet
rElec   .          Harm     .    (no cloak)
rCorr   .          Rampage  .    m - +0 pair of gloves
Will    .....                    (no boots)
Stlth   ++........               (no amulet)
HPRegen 0.09/turn                (no ring)
MPRegen 0.08/turn                (no ring)

@: mighty
A: powered by pain 1
a: no special abilities


You were on level 1 of the Dungeon.
You visited 1 branch of the dungeon, and saw 2 of its levels.

You collected 18 gold pieces.

Inventory:

Hand Weapons
 a - a +0 rapier
 l - a +1 vampiric dagger (weapon)
Missiles
 d - a throwing net (quivered)
 e - a javelin
 i - 13 stones
Armour
 b - a +0 leather armour (worn)
 c - a +0 helmet (worn)
 g - a +0 buckler (worn)
 m - a +0 pair of gloves (worn)
Scrolls
 f - a scroll of amnesia {unknown}
 j - 2 scrolls of poison
 k - a scroll of identify {unknown}
Potions
 h - 2 potions of flight {unknown}


   Skills:
 + Level 3.1 Fighting
 - Level 2.6 Short Blades
 - Level 1.7 Throwing
 - Level 2.6 Dodging
 - Level 2.0 Stealth


You had 2 spell levels left.
You didn't know any spells.
Your spell library was empty.

Dungeon Overview and Level Annotations

Branches:
Dungeon (2/15)

Altars:


Innate Abilities, Weirdness & Mutations

You sometimes gain a little power by taking damage.


Message History

The gnoll shoots a sling bullet.
The sling bullet closely misses you.
The gnoll hits you with a +0 flail of holy wrath.
You convulse.
The gnoll shoots a sling bullet.
The sling bullet closely misses you.
There is a stone staircase leading up, spattered with blood here.
The gnoll hits you but does no damage.
The gnoll shoots a sling bullet.
The sling bullet closely misses you.
You climb upwards.
There is a stone staircase leading down here.
Unknown command.
Unknown command.
You hit the gnoll.
You feel better.
The gnoll is lightly wounded.
The gnoll barely misses you.
You hit the gnoll but do no damage.
The gnoll is lightly wounded.
The gnoll hits you with a +0 flail of holy wrath!
You convulse!
* * * LOW HITPOINT WARNING * * *
You focus on the pain.
You feel very mighty all of a sudden.
Throw: 4 throwing nets
Press: ? - help, Q - select action, (/) - cycle Shift-Dir - straight line, f - gnoll
Aim: a gnoll, wielding a +0 flail of holy wrath (lightly wounded, 63% to hit)
You throw a throwing net.
The throwing net closely misses the gnoll.
The gnoll closely misses you.
Throw: 3 throwing nets
Press: ? - help, Q - select action, (/) - cycle Shift-Dir - straight line, f/p - gnoll
Aim: a gnoll, wielding a +0 flail of holy wrath (lightly wounded, 63% to hit)
You throw a throwing net.
The throwing net completely misses the gnoll.
The gnoll barely misses you.
Throw: 2 throwing nets
Press: ? - help, Q - select action, (/) - cycle Shift-Dir - straight line, f/p - gnoll
Aim: a gnoll, wielding a +0 flail of holy wrath (63% to hit)
You throw a throwing net.
The throwing net closely misses the gnoll.
The gnoll hits you with a +0 flail of holy wrath.
You die...

##+#######.....##.#.............#
........##.....##)#.####.######.#
........##.....##.#.####.####...#
...[....##.....##.#.#.........###
........##........#.#.##.####.#
##'#######....#####.#..)....#.#
##.### ##.........#..#.##.#.#
.#...# ###.########..#.#..#.#
.###.# #......@# #..#....#.# .#
#.#####.##..#g####..#.#..#.#
.###.#......##...........#..#.#
.#.....#....###.(....###.#..#.#
.#.#.#.#.....#######..##.#..#.#
.#.#.#.#.P...## ##..#.####.###
.#...#.#.♣...#P#######.#......#..
.#####.#...♣.#♣.'.P###..#####.#.#
.......#..♣P.#.P#.♣P###.## ###.#


You could see a gnoll.

Vanquished Creatures
  An adder (D:2)
  A dart slug (D:1)
  2 endoplasms (D:1)
  A giant cockroach (D:1)
  5 goblins
  2 hobgoblins (D:2)
  3 kobolds (D:1)
  2 quokkas (D:1)
  4 ball pythons
  7 bats (D:1)
  A frilled lizard (D:1)
  2 rats (D:1)
31 creatures vanquished.

Notes
Turn   | Place    | Note
-------+----------+-------------------------------------------
     0 | D:1      | Newt the Demonspawn Gladiator began the quest for the Orb.
     0 | D:1      | Reached XP level 1. HP: 16/16 MP: 1/1
    55 | D:1      | Reached skill level 1 in Stealth
   326 | D:1      | Gained mutation: You sometimes gain a little power by
                  | taking damage. [demonic ancestry]
   326 | D:1      | Reached XP level 2. HP: 22/22 MP: 2/2
  1124 | D:1      | Reached XP level 3. HP: 14/28 MP: 3/3
  1538 | D:2      | Reached skill level 3 in Fighting
  2023 | D:1      | Slain by a gnoll

Illustrated notes

Levels and vault maps discovered:
D:1:      denvon_arrival_planthouse, layout_basic
D:2:      minmay_wonky_spiral, layout_rooms, serial_shops,
          nicolae_lakefront_shop, minmay_3d_cube

Skill      XL: |  1  2  3 |
---------------+----------+-----
Stealth        | 1 2 |  2.0
Fighting       | 3 |  3.1
Short Blades   | |  2.6
Throwing       | |  1.7
Dodging        | |  2.6

Action                   || total
-------------------------++-------
Melee: Rapier            ||    66
       Dagger            ||    18
Throw: Throwing net      ||     4
  Use: Scroll            ||     1
 Stab: Sleeping          ||     3
       Held in net/web   ||     1
Armor: Leather armour    ||    31
Dodge: Dodged            ||    54
Block: Buckler           ||    10

Table legend: (Time is in decaauts)
 A = Elapsed time spent in this place.
 B = Non-inter-level travel time spent in this place.
 C = Inter-level travel time spent in this place.
 D = Time resting spent in this place.
 E = Time spent auto-exploring this place.
 F = Levels seen in this place.
 G = Mean time per level.
                   A        B        C        D        E       F      G
               +--------+--------+--------+--------+--------+-----+--------+
         Total |   2030 |   1898 |    132 |    290 |   1327 |   2 | 1015.0 |
       Dungeon |   2030 |   1898 |    132 |    290 |   1327 |   2 | 1015.0 |
               +--------+--------+--------+--------+--------+-----+--------+

Top non-repeatable levels by time:
     D:1: 1705 daAuts
     D:2: 325 daAuts
